 Dungeon Crawl Stone Soup version 0.31.0-11-ge490571c62 (webtiles) character file.

Game seed: 616119012382064995

283680 experimilk the Brawler (level 19, -9/177 (196) HPs)
             Began as a Troll Gladiator on Feb 3, 2024.
             Was the Champion of Ru.
             Shot with a bolt by a yaktaur captain (30 damage)
             ... on level 4 of the Vaults.
             The game lasted 02:10:14 (44739 turns).

experimilk the Brawler (Troll Gladiator)           Turns: 44739, Time: 02:10:14

HP:   -9/177 (196)  AC: 26    Str: 33      XL:     19   Next: 76%
MP:   13/18         EV:  9    Int:  4      God:    Ru [******]
Gold: 3253          SH:  5    Dex: 10 (11) Spells: 18/18 levels left

rFire   + .          .
                       - Unarmed
rCold   . . .        (no shield)
rNeg    . . .        V - +3 storm dragon scales {Bai Suzhen}
rPois   .            W - +1 hat
rElec   +            E - +2 cloak
rCorr   .            (gloves unavailable)
SInv    .            (boots unavailable)
Will    +++..        L - amulet of New Discoveries {Reflect Will+ SH+5} Stlth
                     h - +4 ring of slaying
HPRegen 1.29/turn    I - ring of protection from fire
MPRegen 0.16/turn

%: reflection
@: exhausted, about to teleport, enlightened, flying, drained
A: large, unfitting armour, claws 3, regeneration 1, shaggy fur 1, tough skin 1,
no potion heal 1, no stealth, inability to use devices, hated by all, no earth
magic, no hexes magic, no translocations magic, unskilled 1, no forms,
deterioration 1
}: 2/15 runes: serpentine, barnacled
a: Renounce Religion, Draw Out Power, Power Leap, Apocalypse


You were on level 4 of the Vaults.
You worshipped Ru.
Ru was exalted by your worship.
You visited 6 branches of the dungeon, and saw 34 of its levels.
You also visited: Ossuary, Bailey and Wizlab.

You collected 4997 gold pieces.
You spent 1744 gold pieces at shops.

Inventory:

Missiles
 a - 25 poisoned darts
 c - 16 boomerangs
 l - 3 atropa-tipped darts
 s - 6 curare-tipped darts
 u - 27 silver javelins
 x - 13 javelins
 z - 22 large rocks (quivered)
 R - 2 throwing nets
Armour
 E - a +2 cloak (worn)
 V - +3 storm dragon scales (worn) {Bai Suzhen}
 W - a +1 hat (worn)
Jewellery
 b - the ring of Harmony {Fire Fly rCorr Slay+2}
   (You found it in a wizard's laboratory)

   [ring of fire]

   Fire:      It enhances your fire magic.
   Slay+2:    It affects your accuracy & damage with ranged weapons and melee
   (+2).
   rF+:       It protects you from fire.
   rC-:       It makes you vulnerable to cold.
   Fly:       It grants you flight.
   rCorr:     It protects you from acid and corrosion.
 e - a ring of ice
 f - the ring "Bomm" {*Slow rF+ rN+ Dex+6}
   (You found it on level 4 of the Shoals)

   [ring of dexterity]

   Dex+6:     It affects your dexterity (+6).
   rF+:       It protects you from fire.
   rN+:       It protects you from negative energy.
   *Slow:     It may slow you when you take damage.
 h - a +4 ring of slaying (left claw)
 m - a +5 ring of evasion
 n - an amulet of reflection
 o - the ring of the Duke {rPois rCorr}
   (You took it off Jeremiah on level 9 of the Dungeon)

   [ring of resist corrosion]

   rPois:     It protects you from poison rCorr: It protects you from acid and
   corrosion.
 q - a +5 ring of evasion
 r - a ring of willpower
 t - a ring of flight
 C - a ring of see invisible
 I - a ring of protection from fire (right claw)
 L - the amulet of New Discoveries (around neck) {Reflect Will+ SH+5}
   (You bought it in a shop on level 4 of the Dungeon)

   [amulet of reflection]

   Reflect:   It reflects blocked missile attacks.
   Will+:     It increases your willpower.
   SH+5:      It affects your SH (+5).
 S - a +4 ring of slaying
 T - a +6 ring of strength
 U - a ring of positive energy
Scrolls
 i - 6 scrolls of teleportation
 p - 7 scrolls of immolation
 v - 12 scrolls of poison
 y - 5 scrolls of enchant weapon
 B - a scroll of silence
 F - 7 scrolls of revelation
 J - 2 scrolls of torment
 K - a scroll of fear
 M - 5 scrolls of fog
Potions
 d - 5 potions of berserk rage
 g - 4 potions of heal wounds
 j - 5 potions of haste
 k - 19 potions of curing
 w - 5 potions of mutation
 A - 3 potions of might
 D - 4 potions of enlightenment
 G - 4 potions of invisibility
 H - 2 potions of resistance
 P - 3 potions of ambrosia
 Q - 2 potions of cancellation
 Y - 2 potions of brilliance
 Z - a potion of magic


   Skills:
 + Level 13.8 Fighting
 - Level 15.0 Throwing
 - Level 14.3 Armour
 - Level 5.2 Dodging
 - Level 20.0 Unarmed Combat


You had 18 spell levels left.
You didn't know any spells.
Your spell library contained the following spells:

 Spells                   Type           Power      Damage    Failure   Level
 Shock                    Conj/Air       0%         1d3       86%         1
 Sublimation of Blood     Necr           0%         N/A       95%         2
 Frozen Ramparts          Ice            0%         1d1       99%         3
 Fugue of the Fallen      Necr           0%         N/A       99%         3
 Swiftness                Air            0%         N/A       99%         3
 Airstrike                Air            0%         2d(0-16)  100%        4
 Flame Wave               Conj/Fire      0%         2d4       100%        4
 Sticky Flame             Fire/Alch      0%         2d4       100%        4
 Fireball                 Conj/Fire      0%         3d3       100%        5
 Irradiate                Conj/Alch      0%         3d11      100%        5
 Iskenderun's Battlesphe  Conj           0%         2d6       100%        5
 Conjure Ball Lightning   Conj/Air       0%         3x3d6     100%        6
 Slow                     Hex            Unusable   N/A       N/A         1
 Ensorcelled Hibernation  Hex/Ice        Unusable   N/A       N/A         2
 Inner Flame              Hex/Fire       Unusable   N/A       N/A         3
 Passwall                 Erth           Unusable   N/A       N/A         3
 Tukima's Dance           Hex            Unusable   N/A       N/A         3
 Anguish                  Hex/Necr       Unusable   N/A       N/A         4
 Animate Dead             Necr           Unusable   N/A       N/A         4
 Cause Fear               Hex            Unusable   N/A       N/A         4
 Leda's Liquefaction      Alch/Erth      Unusable   N/A       N/A         4
 Manifold Assault         Tloc           Unusable   N/A       N/A         4
 Passage of Golubria      Tloc           Unusable   N/A       N/A         4
 Petrify                  Alch/Erth      Unusable   N/A       N/A         4
 Borgnjor's Vile Clutch   Necr/Erth      Unusable   N/A       N/A         5
 Metabolic Englaciation   Hex/Ice        Unusable   N/A       N/A         5
 Yara's Violent Unravell  Hex/Alch       Unusable   3d3       N/A         5
 Bombard                  Conj/Erth      Unusable   9d1       N/A         6
 Death Channel            Necr           Unusable   N/A       N/A         6
 Dispersal                Tloc           Unusable   N/A       N/A         6
 Spellforged Servitor     Conj/Summ      Unusable   N/A       N/A         7
 Discord                  Hex            Unusable   N/A       N/A         8
 Disjunction              Tloc           Unusable   N/A       N/A         8
 Dragon's Call            Summ           Unusable   N/A       N/A         9

Dungeon Overview and Level Annotations

Branches:
Dungeon (15/15)            Temple (0/1) D:5            Lair (5/5) D:8
 Shoals (4/4) Lair:2        Snake (4/4) Lair:3        Slime (0/5) Lair:4
    Orc (2/2) D:9             Elf (0/3) Orc:2        Vaults (4/5) D:13
  Crypt (0/3) Vaults:2     Depths (0/4) D:15        Ossuary (visited)
 Bailey (visited)          WizLab (visited)

Altars:
Elyvilon
Gozag
Nemelex Xobeh
Okawaru
Ru
Sif Muna
Trog
Vehumet
Xom
Zin
The Shining One

Shops:
D:4 =   D:8 *   Orc:2 (:*   Shoals:1 ???[   Shoals:2 (   Snake:1 [   Snake:3 [
Vaults:2 *   Vaults:4 !

Portals:
Pandemonium: Orc:2

Annotations:
Lair:2 2 transporters, Digazuudd's ghost, journeyman SpMo
Snake:2 6 transporters


Innate Abilities, Weirdness & Mutations

You are too large for most types of armour.
You have claws for hands.
Your natural rate of healing is unusually fast.
You are covered in fur. (AC +1)
You have tough skin. (AC +1)
Potions are less effective at restoring your health.
You cannot be stealthy.
You cannot study or use magical devices.
You are hated by all.
You cannot study or cast Earth magic.
You cannot study or cast Hexes magic.
You cannot study or cast Translocations magic.
You are somewhat unskilled. (-1 Apt)
You cannot voluntarily change form.
Your body sometimes deteriorates upon taking damage.


Message History

A sphinx comes into view.
The yaktaur shoots a bolt.
The bolt hits you!
The deep elf zephyrmancer mumbles some strange words.
The deep elf zephyrmancer blinks!
The sphinx moves out of view.
You hear a shout!
You eviscerate the deep elf high priest!!!
You kill the deep elf high priest!
Throw: 24 large rocks
Press: ? - help, Q - select action, (/) - cycle Shift-Dir - straight line, f - deep elf death mage
Aim: a deep elf death mage, wielding a +0 long sword (spells empowered, 64% to hit)
You throw a large rock.
The large rock hits the deep elf death mage!!
The deep elf death mage is heavily wounded.
The deep elf archer begins to cast a spell, but is stunned by your conviction!
The yaktaur captain shoots a bolt.
The bolt hits you!!!
The yaktaur shoots a bolt.
The bolt completely misses you.
The deep elf death mage beckons forth restless souls!
Unknown command.
Throw: 23 large rocks
Press: ? - help, Q - select action, (/) - cycle Shift-Dir - straight line, f/p - deep elf death mage
Aim: a deep elf death mage, wielding a +0 long sword (heavily wounded, spells empowered, 64% to hit)
You throw a large rock.
The large rock misses the deep elf death mage.
The large rock hits the deep elf archer!!!
The deep elf archer is almost dead.
The yaktaur shoots a bolt.
The bolt hits you!
* * * LOW HITPOINT WARNING * * *
You focus your inner power and paralyse the yaktaur in retribution!
The yaktaur captain is stunned by your conviction and fails to attack.
The deep elf zephyrmancer gestures wildly while chanting.
The deep elf zephyrmancer blinks!
The yaktaur captain shoots a bolt.
The bolt hits you!!
* * * LOW HITPOINT WARNING * * *
Unknown command.
As you read the scroll of teleportation, it crumbles to dust.
You feel strangely unstable.
Unknown command.
A yaktaur comes into view.
The yaktaur captain shoots a bolt.
The bolt hits you!!
You die...

####...+......# *,,,,,,+,,,,,,,*
...#...#......# *,,,...#,,,,,,,*
...#...'......# *,,,..(#,,,,<,,+
...#..##......# *,,....',,,,,,,*
......######### *,,....*,,,,,,,*
.#....# *ee*.,,*,,,,,,,*
.#.##### #####'#####********
.......# #####.))*p....#**** *
####.#.# #...#.@.e#(..,*,,,*
#...[#.# #...+..)c(.($.',,,*
#......####...####)*.####,,,****
#..#...#.........'.#.ccc,,,,,,,*
...#...'.#..#..#.#...#.#,,*,,*,*
...#...#.........#####,..,,,,,,*
...############### ***#*****+**
#'#######*************** *,,,
.........,,,,,,,,,,,,,,* *,,,


You could see a deep elf death mage (empowered), a yaktaur captain, an ironbound
frostheart (empowered), 3 yaktaurs and 3 lost souls.

Vanquished Creatures
  Bai Suzhen (Shoals:3)
  An electric golem (WizLab)
  A sphinx (Vaults:4)
  Polyphemus (Shoals:3)
  2 fire giants (WizLab)
  Aizul (Snake:2)
  4 nagarajas
  A frost giant (Vaults:1)
  Ilsuiw (Shoals:2)
  8 vault wardens
  An angel (Shoals:3)
  3 orc warlords
  11 ironbound preservers
  2 formless jellyfish (Vaults:4)
  8 ironbound thunderhulks
  A deep elf death mage (Vaults:2)
  An apis (Shoals:3)
  7 dire elephants
  4 war gargoyles
  A crystal guardian (WizLab)
  2 ettins
  11 merfolk javelineers
  9 merfolk impalers
  6 great orbs of eyes
  4 yaktaur captains
  Fannar (D:9)
  A deep elf high priest (Vaults:4)
  3 salamander tyrants
  2 ogre magi
  5 merfolk avatars
  8 anacondas
  7 peacekeepers
  13 vault guards
  7 boulder beetles
  5 catoblepae
  An alligator snapping turtle (Shoals:3)
  5 centaur warriors
  7 hydras
  2 death knights (Vaults:2)
  A demonspawn (Orc:2)
  Erica (D:8)
  8 ironbound frosthearts
  4 merfolk aquamancers
  9 death yaks
  9 naga warriors
  2 hell hogs (Lair:5)
  2 naga sharpshooters (Snake:4)
  8 two-headed ogres
  4 tengu warriors
  A deep troll earth mage (D:15)
  7 orc high priests
  4 shock serpents
  A sixfirhy (D:15)
  A skyshark (shapeshifter) (Vaults:1)
  A shadow wraith (Vaults:2)
  13 skysharks
  5 skeletal warriors
  Lodul (D:10)
  2 glowing orange brains
  4 cherubim
  12 sea snakes
  29 deep trolls
  A mana viper (Snake:4)
  An arcanist (Vaults:1)
  A naga ritualist (Snake:1)
  Pikel (D:7)
  2 deep elf pyromancers
  A necromancer (Vaults:1)
  10 orc knights
  11 ironbound convokers
  7 lindwurms
  3 ugly things
  18 harpies
  A cyclops (shapeshifter) (Vaults:2)
  12 orc sorcerers
  9 fauns
  13 cyclopes
  9 elephants
  6 salamanders
  2 lightning spires (WizLab)
  8 manticores
  A rust devil (D:15)
  6 merfolk sirens
  16 vault sentinels
  2 water nymphs
  11 cane toads
  11 naga magi
  20 black mambas
  9 molten gargoyles
  A guardian serpent (Snake:2)
  7 gargoyles
  Jeremiah (D:9)
  2 unseen horrors
  An efreet (D:15)
  A rime drake (Lair:3)
  9 komodo dragons
  3 tengu conjurers
  13 yaktaurs
  2 ice devils
  3 burning bushes (Lair:1)
  3 polar bears
  6 trolls
  19 merfolk
  A tengu simulacrum (Vaults:1)
  A hornet (Lair:2)
  2 wind drakes (Shoals:3)
  Grinder (D:5)
  12 dream sheep
  20 blink frogs
  26 slime creatures
  7 snapping turtles
  A deep troll skeleton (Vaults:1)
  62 yaks
  2 shadows
  A centaur simulacrum (D:11)
  2 vampires
  A spriggan (Lair:3)
  8 wyverns
  A fire bat (D:8)
  7 humans (D:13)
  8 water elementals
  5 wraiths
  11 basilisks
  4 fire elementals
  A yak (shapeshifter) (D:11)
  2 neqoxecs
  2 wargs
  5 vampire mosquitoes
  A steam dragon (Lair:5)
  A glowing shapeshifter zombie (Vaults:1)
  A chaos spawn (D:15)
  An elf skeleton (Vaults:1)
  23 nagas
  A human zombie (Vaults:1)
  2 acid dragons (D:11)
  3 hell hounds (Lair:5)
  10 water moccasins
  A swamp drake (D:9)
  40 orc warriors
  An ice beast (D:5)
  A laughing skull (D:15)
  4 sky beasts
  7 black bears
  4 boggarts (Vaults:1)
  17 ogres
  7 wolves
  6 centaurs
  A lemure (D:7)
  2 phantoms
  2 kobold brigands
  A weeping skull (Ossuary)
  10 bullfrogs
  A gnoll sergeant (D:11)
  3 scorpions
  3 earth elementals (WizLab)
  A water moccasin zombie (Ossuary)
  12 wights
  An electric eel (Lair:2)
  3 howler monkeys
  3 bombardier beetles
  8 centaur zombies
  2 bullfrog zombies (D:7)
  8 lava snakes
  3 jellies
  27 orc priests
  2 gnoll boudas (D:5)
  2 hounds (D:5)
  4 iguanas
  3 sleepcaps
  A scorpion zombie (Ossuary)
  19 orc wizards
  A killer bee zombie (D:7)
  An ogre zombie (Ossuary)
  3 howler monkey zombies (D:7)
  10 adders
  16 gnolls
  3 shadow imps
  2 white imps (D:8)
  5 adder zombies (Ossuary)
  2 dart slugs
  2 ribbon worms (D:2)
  78 orcs
  9 ball pythons
  4 endoplasms
  3 giant cockroaches (D:2)
  2 gnoll zombies (Ossuary)
  12 goblins
  14 hobgoblins
  4 jackals (D:3)
  4 quokkas
  7 bats
  5 frilled lizards
  A goblin zombie (Ossuary)
  5 hobgoblin zombies (Ossuary)
  15 kobolds
  3 orc zombies (Ossuary)
  11 rats
1219 creatures vanquished.

Vanquished Creatures (others)
  An ironbound preserver (Vaults:2)
  A vault guard (D:13)
  Erolcha (D:11)
  A demonspawn (Orc:2)
  A merfolk aquamancer (Shoals:4)
  A satyr (Shoals:4)
  A harpy (Shoals:4)
  2 fauns
  A vault sentinel (Vaults:2)
  A yak (D:11)
  A naga (Snake:4)
  A hell hound (Lair:5)
  An orc priest (Orc:2)
  An orc wizard (D:10)
  3 orcs
18 creatures vanquished.

Grand Total: 1237 creatures vanquished

Notes
Turn   | Place    | Note
-------+----------+-------------------------------------------
     0 | D:1      | experimilk the Troll Gladiator began the quest for the Orb.
     0 | D:1      | Reached XP level 1. HP: 19/19 MP: 0/0
   101 | D:1      | Reached XP level 2. HP: 27/27 MP: 1/1
   105 | D:1      | Found a faded altar of an unknown god.
   127 | D:1      | Got Plato's Excursus on the Wyrd
   218 | D:1      | Reached skill level 4 in Unarmed Combat
   536 | D:1      | Reached XP level 3. HP: 33/33 MP: 2/2
  1235 | D:2      | Reached XP level 4. HP: 41/41 MP: 3/3
  1375 | D:3      | Reached skill level 5 in Unarmed Combat
  1942 | D:4      | Reached XP level 5. HP: 23/48 MP: 4/4
  2176 | D:4      | Reached skill level 6 in Unarmed Combat
  2500 | D:4      | Reached XP level 6. HP: 37/55 MP: 5/5
  2508 | D:4      | Reached skill level 7 in Unarmed Combat
  2723 | D:4      | Found an opulent altar of Gozag.
  2723 | D:4      | Found a bloodstained altar of Trog.
  2966 | D:4      | Found Qinwol's Jewellery Boutique.
  3185 | D:5      | Entered Level 5 of the Dungeon
  3185 | D:5      | Found a glowing silver altar of Zin.
  3190 | D:5      | Found a sand-covered staircase.
  3204 | Ossuary  | Entered an ossuary
  3255 | Ossuary  | Reached skill level 8 in Unarmed Combat
  3255 | Ossuary  | Reached XP level 7. HP: 60/62 MP: 6/6
  3333 | Ossuary  | Reached skill level 9 in Unarmed Combat
  3550 | Ossuary  | Noticed a silent spectre
  3630 | D:5      | Reached XP level 8. HP: 70/70 MP: 7/7
  3662 | D:5      | Reached skill level 10 in Unarmed Combat
  3909 | D:5      | Found a sparkling altar of Nemelex Xobeh.
  4156 | D:5      | Found a radiant altar of Vehumet.
  4180 | D:5      | Noticed Grinder
  4197 | D:5      | Killed Grinder
  4198 | D:5      | Reached skill level 5 in Fighting
  4290 | D:5      | Found a staircase to the Ecumenical Temple.
  4699 | D:6      | Reached XP level 9. HP: 81/89 MP: 8/8
  5254 | D:7      | Found an iron altar of Okawaru.
  5463 | D:7      | Found a sacrificial altar of Ru.
  5794 | D:7      | Noticed Pikel
  5803 | D:7      | Killed Pikel
  5917 | D:7      | Became a worshipper of Ru the Awakened
  5959 | D:8      | Reached XP level 10. HP: 98/107 MP: 9/9
  6149 | D:8      | Noticed Erica
  6155 | D:8      | Killed Erica
  6156 | D:8      | Reached skill level 10 in Fighting
  6224 | D:8      | Found a shimmering altar of Xom.
  6501 | D:8      | Found a staircase to the Lair.
  6501 | D:8      | Noticed an elephant
  6501 | D:8      | Noticed a death yak
  6519 | D:8      | Killed a death yak
  6520 | D:8      | Reached skill level 11 in Unarmed Combat
  6527 | D:8      | Killed an elephant
  6904 | D:8      | Found Mixen's Assorted Antiques.
  7153 | D:4      | Bought the amulet of New Discoveries {Reflect Will+ SH+5}
                  | for 553 gold pieces
  7240 | D:9      | Found a flagged portal.
  7272 | Bailey   | Entered a bailey
  7310 | Bailey   | Gained mutation: You cannot study or use magical devices.
                  | [Ru sacrifice]
  7310 | Bailey   | Reached * piety under Ru
  7310 | Bailey   | Reached ** piety under Ru
  7364 | Bailey   | Reached skill level 12 in Unarmed Combat
  7452 | Bailey   | Noticed an orc knight
  7484 | Bailey   | Killed an orc knight
  7666 | Bailey   | Identified the +5 kite shield of Hud Jocw {rElec rF+}
  7786 | D:9      | Found a blossoming altar of Fedhas.
  7788 | D:9      | Identified the ring of the Duke {rPois rCorr}
  7788 | D:9      | Noticed Jeremiah
  7804 | D:9      | Killed Jeremiah
  7805 | D:9      | Reached XP level 11. HP: 93/110 MP: 10/10
  7921 | D:9      | Noticed a two-headed ogre
  7926 | D:9      | Killed a two-headed ogre
  7927 | D:9      | Reached skill level 1 in Armour
  8196 | D:9      | Reached skill level 13 in Unarmed Combat
  8636 | D:9      | Found a staircase to the Orcish Mines.
  8796 | D:10     | Entered Level 10 of the Dungeon
  8828 | D:10     | Noticed Lodul
  8842 | D:10     | Killed Lodul
  8915 | D:10     | Found a glowing golden altar of the Shining One.
  9010 | D:10     | Reached skill level 14 in Unarmed Combat
  9884 | Lair:1   | Entered Level 1 of the Lair of Beasts
  9965 | Lair:1   | Gained mutation: You cannot be stealthy. [Ru sacrifice]
 10507 | Lair:1   | Reached XP level 12. HP: 126/126 MP: 11/11
 10681 | Lair:2   | Reached skill level 15 in Unarmed Combat
 10682 | Lair:2   | Reached skill level 5 in Armour
 10754 | Lair:2   | Found a staircase to the Shoals.
 10786 | Lair:2   | Noticed a catoblepas
 10793 | Lair:2   | Killed a catoblepas
 11082 | Lair:2   | Noticed Digazuudd's ghost (journeyman SpMo)
 11118 | Lair:2   | Found a transporter.
 11276 | Lair:2   | Found a transporter.
 11797 | Lair:3   | Gained mutation: Potions are less effective at restoring
                  | your health. [Ru sacrifice]
 11797 | Lair:3   | Reached *** piety under Ru
 11895 | Lair:3   | Found a staircase to the Snake Pit.
 12193 | Lair:3   | Noticed a four-headed hydra
 12200 | Lair:3   | Killed a six-headed hydra
 12201 | Lair:3   | Reached skill level 5 in Throwing
 12250 | Lair:3   | Noticed a death yak
 12250 | Lair:3   | Noticed a death yak
 12250 | Lair:3   | Noticed a death yak
 12250 | Lair:3   | Noticed a death yak
 12253 | Lair:3   | Noticed a six-headed hydra
 12309 | Lair:3   | Killed a death yak
 12320 | Lair:3   | Killed a death yak
 12618 | Lair:3   | Noticed a catoblepas
 12633 | Lair:3   | Killed a catoblepas
 12634 | Lair:3   | Reached XP level 13. HP: 121/133 MP: 12/12
 13488 | Lair:4   | Gained mutation: You are hated by all. [Ru sacrifice]
 13488 | Lair:4   | Reached **** piety under Ru
 13929 | Lair:4   | Found a staircase to the Slime Pits.
 14372 | Lair:5   | Entered Level 5 of the Lair of Beasts
 14386 | Lair:5   | Reached skill level 10 in Throwing
 14401 | Lair:5   | Reached skill level 10 in Armour
 15314 | Lair:5   | Reached XP level 14. HP: 123/143 MP: 13/13
 15705 | Lair:5   | Gained mutation: You are somewhat unskilled. (-1 Apt) [Ru
                  | sacrifice]
 15705 | Lair:5   | Reduced skill Unarmed Combat to level 13
 15705 | Lair:5   | Reached ***** piety under Ru
 15784 | Lair:5   | Found a large runed translucent door.
 15784 | Lair:5   | Found a large runed translucent door.
 16651 | Orc:1    | Entered Level 1 of the Orcish Mines
 16651 | Orc:1    | Noticed an orc warlord
 16672 | Orc:1    | Killed an orc warlord
 16672 | Orc:1    | Noticed Fannar
 16678 | D:9      | Reached skill level 14 in Unarmed Combat
 17078 | D:9      | Killed Fannar
 17452 | Orc:2    | Entered Level 2 of the Orcish Mines
 17452 | Orc:2    | Found a staircase to the Elven Halls.
 17735 | Orc:1    | Reached skill level 10 in Fighting
 18592 | Orc:2    | Found Rokiawk's General Store.
 18608 | Orc:2    | Gained mutation: You cannot voluntarily change form. [Ru
                  | sacrifice]
 18610 | Orc:2    | Found Mymiwi's General Store.
 18662 | Orc:2    | Bought 6 curare-tipped darts for 129 gold pieces
 18662 | Orc:2    | Bought a scroll of identify for 36 gold pieces
 19128 | Orc:2    | Reached skill level 5 in Dodging
 19526 | Orc:2    | Found Ulle's Book Boutique.
 19526 | Orc:2    | Found Axatitut's Antique Weapon Shop.
 19527 | Orc:2    | Found a one-way gate leading to the halls of Pandemonium.
 19606 | Orc:2    | Bought a scroll of fog for 72 gold pieces
 19861 | D:11     | Reached skill level 10 in Throwing
 19895 | D:11     | Found the +5 scythe "Finisher" {speed, execute}
 19953 | D:11     | Reached XP level 15. HP: 101/149 MP: 9/14
 20120 | D:11     | Identified the +6 chain mail "Rutt" {rC+ MP-9 Str+3 Stlth+}
 20199 | D:11     | Found an opulent altar of Gozag.
 20369 | D:11     | Reached skill level 15 in Unarmed Combat
 20577 | D:11     | Noticed Erolcha
 20587 | D:11     | Killed Erolcha
 20805 | D:12     | Gained mutation: You cannot study or cast Earth magic. [Ru
                  | sacrifice]
 20805 | D:12     | Gained mutation: You cannot study or cast Hexes magic. [Ru
                  | sacrifice]
 20805 | D:12     | Gained mutation: You cannot study or cast Translocations
                  | magic. [Ru sacrifice]
 20805 | D:12     | Reached ****** piety under Ru
 22417 | D:13     | Found a gate to the Vaults.
 23182 | D:14     | Found a shimmering blue altar of Sif Muna.
 23291 | D:15     | Entered Level 15 of the Dungeon
 24495 | D:15     | Gained mutation: Your body sometimes deteriorates upon
                  | taking damage. [a neqoxec]
 24806 | D:15     | Found a staircase to the Depths.
 24896 | D:15     | Identified the +6 ring mail of a Hundred Emperors {rN++}
 24970 | D:15     | Reached XP level 16. HP: 93/158 MP: 15/15
 25429 | D:15     | Found a glowing golden altar of the Shining One.
 25434 | D:15     | Found a glowing silver altar of Zin.
 25435 | D:15     | Found a white marble altar of Elyvilon.
 25698 | Snake:1  | Entered Level 1 of the Snake Pit
 25898 | Snake:1  | Found Ytoivug's Armour Boutique.
 26789 | Snake:2  | Found a transporter.
 26794 | Snake:2  | Found a transporter.
 26801 | Snake:2  | Found a transporter.
 26815 | Snake:2  | Found a transporter.
 26869 | Snake:2  | Found a transporter.
 26876 | Snake:2  | Identified a scroll of acquirement
 26877 | Snake:2  | Acquired a manual of Armour
 26898 | Snake:2  | Found a transporter.
 26973 | Snake:2  | Identified the serpent talisman of Asat {rF+ Int+6 Dex+3
                  | Stlth-}
 26973 | Snake:2  | Noticed Aizul
 27420 | Snake:2  | Killed Aizul
 27421 | Snake:2  | Reached skill level 10 in Armour
 27887 | Snake:3  | Found Gumezyiw's Armour Boutique.
 28661 | Snake:4  | Entered Level 4 of the Snake Pit
 28907 | Snake:4  | Reached skill level 15 in Throwing
 29209 | Snake:4  | Got a serpentine rune of Zot
 29394 | Shoals:1 | Entered Level 1 of the Shoals
 29791 | Shoals:1 | Found Dazunui's Magic Scroll Emporium.
 29939 | Shoals:1 | Bought a scroll of blinking for 142 gold pieces
 29939 | Shoals:1 | Bought a scroll of fog for 76 gold pieces
 29939 | Shoals:1 | Bought a scroll of fear for 76 gold pieces
 29939 | Shoals:1 | Bought a scroll of poison for 76 gold pieces
 29976 | Shoals:1 | Found Guniss's Magic Scroll Emporium.
 29995 | Shoals:1 | Bought a scroll of enchant armour for 127 gold pieces
 29995 | Shoals:1 | Bought a scroll of teleportation for 51 gold pieces
 30065 | Shoals:1 | Found Hah Tarph's Armour Shoppe.
 30170 | Shoals:1 | Reached XP level 17. HP: 166/166 MP: 16/16
 30211 | Shoals:1 | Found Xidd's Magic Scroll Emporium.
 30219 | Shoals:1 | Bought a scroll of poison for 56 gold pieces
 30930 | Shoals:2 | Noticed Ilsuiw
 30947 | Shoals:2 | Killed Ilsuiw
 31448 | Shoals:2 | Found Verun's Weapon Boutique.
 31721 | Shoals:3 | Noticed Polyphemus
 31733 | Shoals:3 | Killed Polyphemus
 32643 | Shoals:4 | Entered Level 4 of the Shoals
 32707 | Shoals:4 | Found a glowing golden altar of the Shining One.
 33384 | Shoals:4 | Reached skill level 16 in Unarmed Combat
 33433 | Shoals:4 | Noticed Bai Suzhen
 35199 | Shoals:4 | Found a glowing silver altar of Zin.
 35259 | Shoals:4 | Reached skill level 17 in Unarmed Combat
 36019 | Shoals:3 | Killed Bai Suzhen
 36817 | Shoals:4 | Identified the ring "Bomm" {*Slow rF+ rN+ Dex+6}
 36836 | Shoals:4 | Got a barnacled rune of Zot
 36908 | Shoals:4 | Reached XP level 18. HP: 168/169 MP: 17/17
 37139 | Shoals:4 | Identified the +4 arbalest "Ceheson" {elec, rF+ Will+ Int+3
                  | SInv}
 37215 | Shoals:4 | Found a white marble altar of Elyvilon.
 37547 | Vaults:1 | Entered Level 1 of the Vaults
 37567 | Vaults:1 | Identified the +0 hat of Space {Str-5 Int+2 Dex+8 Slay-6}
 37639 | Vaults:1 | You fall into a shaft and drop 1 floor!
 37661 | Vaults:2 | Reached skill level 18 in Unarmed Combat
 38827 | Vaults:1 | Reached skill level 19 in Unarmed Combat
 39527 | Vaults:2 | Found Picemuu's Assorted Antiques.
 39533 | Vaults:2 | Bought a scroll of poison for 116 gold pieces
 40075 | Vaults:2 | Reached skill level 20 in Unarmed Combat
 41435 | Vaults:2 | Reached XP level 19. HP: 84/183 MP: 18/18
 41531 | Vaults:2 | Found a staircase to the Crypt.
 42466 | Vaults:3 | Identified the +2 scale mail of Youthful Indiscretion {rC+
                  | Will+ rCorr Str-3 Dex+3}
 43259 | Vaults:4 | Found a magical portal.
 43268 | WizLab   | Entered Maxwell's Workshop
 43533 | WizLab   | Identified the ring of Vehumet's Supremacy {Ice Dex+2}
 43812 | WizLab   | Noticed an electric golem
 43820 | WizLab   | Killed an electric golem
 43827 | WizLab   | Identified the ring of Kotturoo {Ice ^Drain rN+ Str+2}
 43868 | WizLab   | Identified the amulet of Grace {Faith Harm}
 43869 | WizLab   | Identified the +3 short sword "Pixkov" {chaos, Dex+2}
 43893 | WizLab   | Identified the ring of Harmony {Fire Fly rCorr Slay+2}
 44436 | Vaults:4 | Found Metuvotzio's Distillery.
 44441 | Vaults:4 | Bought a potion of heal wounds for 90 gold pieces
 44441 | Vaults:4 | Bought a potion of ambrosia for 144 gold pieces
 44447 | Vaults:4 | Acquired 866 gold pieces
 44739 | Vaults:4 | Shot with a bolt by a yaktaur captain

Illustrated notes

Levels and vault maps discovered:
D:1:      psy_arrival_fountain, layout_loops_ring,
          shapermc_ecumenical_altar_rom_forum, nicolae_kite_square_tiling_tiny
D:2:      layout_loops_cross
D:3:      layout_loops_ring
D:4:      layout_loops_ring, gammafunk_temple_overflow_pools, serial_shops,
          shop_fountains
D:5:      layout_loops_ring, mainiacjoe_overflow_alcove_4, zin_academy,
          amcnicky_altar_gilded, minmay_temple_entry_poolview,
          lightli_ossuary_entry_decrepit_ruins, uniq_grinder
D:6:      layout_loops_ring
D:7:      layout_loops_ring, overflow_temple_1_default,
          nicolae_ru_great_annihilating_truth, serial_undead, serial_undead_d,
          serial_undead_a, serial_undead_a, serial_undead_f, serial_undead_a,
          serial_undead_f, uniq_pikel
D:8:      layout_loops_corners, regret_index_xom_of_box, david_lair_generic,
          serial_shops, nicolae_shop_hallway_stairs, uniq_erica
D:9:      layout_loops_ring, mainiacjoe_overflow_tiny_flanked, erik_orc_1,
          enter_bailey_5, uniq_jeremiah
D:10:     layout_basic, kennysheep_mini, uniq_lodul
D:11:     minmay_the_grid_octo_tiled_octocenter_mashed [minmay_the_grid_octo_77,
          minmay_the_grid_octo_odd_swirl, minmay_the_grid_octo_vomiting_pacman,
          minmay_the_grid_octo_thin_diamonds, minmay_the_grid_octo_prize_big_c,
          minmay_the_grid_square_5x5_six,
          minmay_the_grid_square_5x5_half_checkered,
          minmay_the_grid_square_5x5_two_walls_a,
          minmay_the_grid_square_5x5_eight_small], layout_irregular_city,
          minmay_guarded_unrand_finisher, uniq_erolcha
D:12:     layout_loops_corners
D:13:     layout_grid_maze, ximxim_vaults_locker_room
D:14:     layout_rooms, serial_park_square2, led_sif_pool
D:15:     hellmonk_depths_entry_around_the_bend, layout_loops_ring,
          serial_demonic, serial_demonic_a, serial_demonic_g, serial_demonic_e,
          serial_demonic_c, good_gods_mini_temple, minivault_8
Lair:1:   layout_chaotic_city, evilmike_ambush [evilmike_ambush_outer_basic,
          evilmike_ambush_inner_pond], lemuel_fruit_tree
Lair:2:   layout_regular_city, mainiacjoe_shoals_entry_four_pools,
          nzn_ghost_randoct, serial_bayou_shore_b
Lair:3:   layout_small_grid, nicolae_snake_entry_warm_welcome,
          grunt_forest_large_clearing_hut, grunt_megastairs_4,
          lemuel_fruit_fields
Lair:4:   layout_cave_pods, slime_entry_1, dreamdust_mushroom_princess,
          grunt_megastairs_2
Lair:5:   cheibrodos_lair_end_hotspot, layout_cave_pods,
          infiniplex_staircase_pool_2
Shoals:1: layout_shoals, serial_shops, shop, shop, nicolae_shop_crystal, shop
Shoals:2: layout_shoals, nicolae_shoals_former_cling_ruins,
          nicolae_shoals_c_island, uniq_ilsuiw
Shoals:3: layout_shoals, uniq_polyphemus
Shoals:4: shoals_end_hellmonk_holy_island, uniq_bai_suzhen
Snake:1:  layout_grid_shapes, minmay_shop_star, grunt_megastairs_5
Snake:2:  layout_cave_town, drop_trap, serial_library_hellmonk_room_a,
          serial_nicolae_subway, nicolae_sub_station_metal,
          nicolae_sub_station_stone, nicolae_sub_station_crystal, uniq_aizul
Snake:3:  layout_basic, serial_shops, shop
Snake:4:  minmay_snake_end_coiled, layout_cave_town, basic_altar, serial_shops,
          nicolae_shop_peninsula, nicolae_snake_guarding_the_ruins
Orc:1:    layout_caves, nicolae_orc_tapped_out, uniq_fannar
Orc:2:    pf_orc_diabolical, layout_caves, basic_altar, mines1_david
Vaults:1: vaults_room_grunt_arrival_checkpoint,
          nicolae_vaults_closet_pinwheel_1, nicolae_vaults_double_plus_2,
          nicolae_vaults_offset_grid_hallway_3, nicolae_vaults_apartment_1,
          hangedman_vaults_capsules, ontoclasm_vaults_idyll,
          nicolae_vaults_whirlpool_walls, nicolae_vaults_double_plus_2,
          vaults_dpeg_diagonal, nicolae_vaults_angled_halls,
          nicolae_vaults_tetromino_Z_2, layout_vaults_big_room
Vaults:2: v_misc_12, v_misc_13, nicolae_vaults_offset_grid_hallway_3,
          st_diamondy, blue_anna_dwarven_crypt, v_misc_29,
          nicolae_vaults_spaceships, nicolae_vaults_double_plus_3, v_misc_30,
          minmay_orc_keep, hangedman_vaults_river_flow, vaults_room_semicircle,
          v_misc_19, nicolae_vaults_little_squares_5,
          nicolae_vaults_tetromino_T_2, layout_vaults_omnibox, serial_shops,
          nicolae_shop_just_a_little_nook
Vaults:3: ontoclasm_vaults_chip, nicolae_vaults_security_offices_4,
          nicolae_vaults_puzzle_piece, v_alt_pattern_1,
          nicolae_vaults_double_plus_1, ontoclasm_vaults_idyll,
          nicolae_vaults_alarming, layout_vaults_omnigrid
Vaults:4: mu_enter_wizlab_5, hangedman_vaults_stretched_pinwheel,
          hangedman_vaults_locks, nicolae_vaults_little_squares_2, v_misc_4,
          nicolae_vaults_storage_closets_1, hangedman_vaults_hat,
          nicolae_vaults_ninety_degrees, v_misc_24,
          nicolae_vaults_taking_the_gang_shopping, serial_ice_h,
          hangedman_vaults_stretched_pinwheel, layout_vaults_ring, serial_shops,
          shop

Skill      XL: |  1  2  3  4  5  6  7  8  9 10 11 12 13 14 15 16 17 18 19 |
---------------+----------------------------------------------------------+-----
Unarmed Combat | 4 5 6 8 9 10 12 14 15 14 15 17 20 | 20.0
Fighting       | 6 9 10 10 11 13 | 13.8
Armour         | 4 8 10 9 13 14 | 14.3
Throwing       | 6 10 10 13 15 | 15.0
Dodging        | 3 5 |  5.2

Action                     |  1- 3 |  4- 6 |  7- 9 | 10-12 | 13-15 | 16-18 | 19-21 || total
---------------------------+-------+-------+-------+-------+-------+-------+-------++-------
  Melee: Unarmed           |    83 |   128 |   268 |   501 |   941 |   708 |   130 ||  2759
         Punch             |       |     3 |    11 |    33 |    94 |    84 |    19 ||   244
  Throw: Large rock        |     2 |       |     4 |     6 |   124 |   487 |   168 ||   791
         Dart              |    21 |     9 |    22 |    58 |   129 |    11 |       ||   250
         Boomerang         |       |     1 |    10 |    65 |    85 |   193 |       ||   354
         Throwing net      |       |       |       |     4 |     8 |       |       ||    12
         Javelin           |       |       |       |       |       |     6 |     3 ||     9
 Invoke: Sacrifice Artific |       |       |       |     1 |       |       |       ||     1
         Sacrifice Stealth |       |       |       |     1 |       |       |       ||     1
         Sacrifice Purity  |       |       |       |     1 |       |       |       ||     1
         Power Leap        |       |       |       |       |     4 |     2 |     1 ||     7
         Sacrifice Love    |       |       |       |       |     1 |       |       ||     1
         Draw Out Power    |       |       |       |       |     2 |     4 |       ||     6
         Sacrifice Skill   |       |       |       |       |     1 |       |       ||     1
         Sacrifice Forms   |       |       |       |       |     1 |       |       ||     1
         Sacrifice Arcana  |       |       |       |       |     1 |       |       ||     1
         Apocalypse        |       |       |       |       |       |     4 |     1 ||     5
  Evoke: Wand              |       |     7 |    11 |       |       |       |       ||    18
    Use: Scroll            |     2 |     3 |     7 |     5 |    14 |    21 |     3 ||    55
         Potion            |       |       |       |     3 |     1 |     5 |     2 ||    11
   Stab: Sleeping          |     1 |       |     1 |       |       |       |       ||     2
         Held in net/web   |       |       |       |     1 |     6 |       |       ||     7
         Invisible         |       |       |       |     1 |     7 |    13 |     3 ||    24
         Distracted        |       |       |       |     1 |       |     2 |       ||     3
         Paralysed         |       |       |       |       |     4 |     8 |       ||    12
 Armour: Robe              |    36 |    59 |   135 |    52 |       |       |       ||   282
         Storm dragon scal |       |       |       |   186 |   624 |   739 |   134 ||  1683
  Dodge: Dodged            |    34 |    79 |   166 |   198 |   419 |   232 |    31 ||  1159
  Block: Other             |       |       |       |    51 |   164 |   121 |    16 ||   352
         Reflection        |       |       |       |     1 |    12 |    11 |     2 ||    26
